 Dungeon Crawl Stone Soup version 0.31.0-11-ge490571c62 (webtiles) character file.

Game seed: 7376857004325404659

128 qw the Shooter (level 4, -2/23 HPs)
             Began as a Spriggan Hunter on Feb 4, 2024.
             Slain by an orc
             ... wielding a +0 club
              (4 damage)
             ... on level 2 of the Dungeon.
             The game lasted 00:00:06 (1605 turns).

qw the Shooter (Spriggan Hunter)                    Turns: 1605, Time: 00:00:06

Health: -2/23      AC:  2    Str:  7    XL:     4   Next: 87%
Magic:  5/5        EV: 20    Int: 10    God:
Gold:   38         SH:  0    Dex: 20    Spells: 3/3 levels left

rFire   . . .        a - +1 shortbow
rCold   . . .        (shield currently unavailable)
rNeg    . . .        c - +0 robe
rPois   .            (helmet restricted)
rElec   .            (no cloak)
rCorr   .            (gloves unavailable)
SInv    +            (boots unavailable)
Will    .....        (no amulet)
Stlth   ++           (no ring)
HPRegen 0.23/turn    (no ring)
MPRegen 0.09/turn

%: no passive effects
@: very quick
A: very small, no large weapons, unfitting armour, see invisible, speed 3
a: no special abilities


You were on level 2 of the Dungeon.
You visited 1 branch of the dungeon, and saw 3 of its levels.

You collected 38 gold pieces.


Innate Abilities, Weirdness & Mutations

You are very small and have problems with some larger weapons.
You are too small for most types of armour.
You have supernaturally acute eyesight. (SInv)
You cover ground extremely quickly. (Speed+++)


   Skills:
 - Level 2.1 Fighting
 + Level 5.0 Ranged Weapons
 - Level 5.0 Dodging
 - Level 1.5 Stealth


You had 3 spell levels left.
You didn't know any spells.
Your spell library was empty.

Inventory:

Hand Weapons
 a - a +1 shortbow (weapon)
Armour
 c - a +0 robe (worn)
Wands
 f - a wand of digging (6)

Dungeon Overview and Level Annotations

Branches:
Dungeon (3/15)

Altars:


Message History

You climb upwards.
There is a stone staircase leading down here.
You shoot an arrow. The arrow barely misses the orc.
The orc misses you. The hobgoblin hits you.
You shoot an arrow. The arrow hits the orc!
You kill the orc!
The hobgoblin completely misses you. x2
Your Dodging skill increases to level 5!
You shoot an arrow. The arrow closely misses the hobgoblin.
The hobgoblin completely misses you.
You shoot an arrow. The arrow closely misses the hobgoblin.
The hobgoblin misses you.
You shoot an arrow. The arrow hits the hobgoblin!
You kill the hobgoblin!
You start resting.
HP restored.
You climb downwards.
The orc closely misses you.
There is a stone staircase leading up here.
1599 ||| STAIRDANCE The orc misses you.
The orc priest invokes the aid of Beogh against you.
Beogh smites you!
Ouch! That really hurt!
You climb upwards.
There is a stone staircase leading down, spattered with blood here.
You shoot an arrow. The arrow hits the orc priest!
The orc priest is almost dead.
The orc priest mumbles some strange prayers to Beogh against you.
Pain shoots through your body! The orc barely misses you.
You shoot an arrow. The arrow hits the orc priest!
You kill the orc priest!
The orc misses you.
Your Fighting skill increases to level 2!
You shoot an arrow. The arrow barely misses the orc.
The orc hits you with a +0 club.
You shoot an arrow. The arrow closely misses the orc.
The orc barely misses you.
You shoot an arrow. The arrow completely misses the orc.
The orc hits you with a +0 club.
You die...

#####.#.# #.#..#.#######.##.# #
......#.# #.#..#.#######.##.# #
#####.#.####.#..#............# #
................######.##.#.## #
#####.#.####.#.#######.##.#.#####
#..........#.#..................#
#.#.#.#.##.#.#.#######.##.#.###.#
#.#............)o......##.#.# #.#
................@####..#..#.# #.#
........##.#.#..)%.....#.##.###.#
..#.######.###.#.####............
......................##.##.###..
..#.###.######...####.##.##.#.###
..............................#
..........(...........##.##.#.#
........................%...#.#
##....#.#####....#######.####.##


You could see an orc.

Vanquished Creatures
  An orc priest (D:2)
  Jessica (D:2)
  Robin (D:2)
  A ribbon worm (D:2)
  2 orcs (D:2)
  4 bats
  3 endoplasms
  2 giant cockroaches
  10 goblins
  12 hobgoblins
  2 jackals (D:2)
  A quokka (D:1)
  2 ball pythons
  4 frilled lizards
  3 kobolds
  5 rats
54 creatures vanquished.

Notes
Turn   | Place    | Note
-------+----------+-------------------------------------------
     0 | D:1      | qw the Spriggan Hunter began the quest for the Orb.
     0 | D:1      | Reached XP level 1. HP: 10/10 MP: 2/2
     0 | D:1      | 0 ||| qw: Version: 0.3-a-160-g6735b56
     0 | D:1      | 0 ||| qw: Game counter: 4352
     0 | D:1      | 0 ||| qw: Melee chars always use a shield: true
     0 | D:1      | 0 ||| qw: God list: Okawaru
     0 | D:1      | 0 ||| qw: Allow faded altars: false
     0 | D:1      | 0 ||| qw: Do Orc after clearing Dungeon:15 true
     0 | D:1      | 0 ||| qw: Do second Lair branch before Depths: true
     0 | D:1      | 0 ||| qw: Lair rune preference: random
     0 | D:1      | 0 ||| qw: Goals: Normal
     0 | D:1      | 0 ||| PLANNING D:1-11
   116 | D:1      | Reached skill level 3 in Dodging
   220 | D:1      | Reached XP level 2. HP: 14/14 MP: 3/3
   652 | D:1      | 652 ||| READING 2 scrolls labelled ZICIKHL UFIEBO.
   652 | D:1      | 652 ||| IDENTIFYING sedimented grey potion
   653 | D:1      | 653 ||| READING scroll of identify.
   653 | D:1      | 653 ||| IDENTIFYING scroll labelled MIEDOB UNTYZ
   654 | D:1      | 654 ||| READING scroll of enchant weapon.
   654 | D:1      | 654 ||| ENCHANTING +0 shortbow.
   655 | D:1      | 655 ||| READING scroll labelled WIMISMURAW.
   655 | D:1      | 655 ||| ENCHANTING +1 shortbow.
   656 | D:1      | 656 ||| READING scroll labelled KOUJUB BATTE.
   657 | D:1      | 657 ||| DROPPING scroll of butterflies.
   658 | D:1      | 658 ||| DROPPING potion of attraction.
   699 | D:2      | Noticed Robin
   701 | D:2      | 701 ||| RETREEEEATING.
   702 | D:2      | 702 ||| RETREEEEATING.
   704 | D:2      | Reached XP level 3. HP: 18/18 MP: 4/4
   721 | D:2      | Killed Robin
   722 | D:2      | HP: 4/18 [goblin/+0 dagger[Robin] (5)]
   723 | D:2      | HP: 1/18 [goblin/+0 dagger[Robin] (3)]
   747 | D:2      | 747 ||| FLEEEEING.
   749 | D:2      | 749 ||| FLEEEEING.
   753 | D:2      | 753 ||| FLEEEEING.
   757 | D:2      | 757 ||| FLEEEEING.
   767 | D:2      | 767 ||| FLEEEEING.
   769 | D:2      | 769 ||| FLEEEEING.
   770 | D:2      | 770 ||| FLEEEEING.
   772 | D:2      | 772 ||| FLEEEEING.
   773 | D:2      | 773 ||| FLEEEEING.
   790 | D:2      | 790 ||| FLEEEEING.
   791 | D:2      | 791 ||| FLEEEEING.
   793 | D:2      | 793 ||| FLEEEEING.
  1184 | D:2      | Noticed Jessica
  1190 | D:2      | Killed Jessica
  1191 | D:2      | Reached XP level 4. HP: 22/22 MP: 5/5
  1551 | D:2      | 1551 ||| READING 2 scrolls of identify.
  1551 | D:2      | 1551 ||| IDENTIFYING viscous pink potion
  1552 | D:2      | 1552 ||| READING scroll of identify.
  1552 | D:2      | 1552 ||| IDENTIFYING red potion
  1553 | D:2      | 1553 ||| DROPPING potion of invisibility.
  1554 | D:2      | 1554 ||| DROPPING potion of ambrosia.
  1578 | D:3      | 1578 ||| STAIRDANCE
  1583 | D:3      | 1583 ||| STAIRDANCE
  1599 | D:3      | 1599 ||| STAIRDANCE
  1601 | D:2      | HP: 5/22 [orc priest/nerve-wracking pain (7)]
  1603 | D:2      | HP: 2/23 [orc/+0 club (4)]
  1605 | D:2      | Slain by an orc

Levels and vault maps discovered:
D:1:      psy_arrival_radial01, layout_loops_ring
D:2:      layout_basic, uniq_robin, uniq_jessica
D:3:      layout_loops_ring, mainiacjoe_overflow_alcove_2, uniq_sigmund

Skill      XL: |  1  2  3  4 |
---------------+-------------+-----
Dodging        | 3 4 5 |  5.0
Ranged Weapons | 5 |  5.0
Fighting       | 2 |  2.1
Stealth        | |  1.5

Action                     |  1- 3 |  4- 6 || total
---------------------------+-------+-------++-------
   Fire: Shortbow          |   100 |    19 ||   119
    Use: Scroll            |     5 |     2 ||     7
 Armour: Robe              |     7 |     4 ||    11
  Dodge: Dodged            |    44 |    13 ||    57

Table legend:
 A = Non-vault XP
 B = Vault XP
 C = Vault XP percentage of total XP
 D = Non-vault monster count
 E = Vault monster count
 F = Vault count percentage of total count
                 A         B        C        D         E       F
            +---------+---------+-------+---------+---------+-------
      Total |     110 |      74 |  40.2 |      41 |      13 |  24.1
            +---------+---------+-------+---------+---------+-------
        D:1 |      27 |       0 |   0.0 |      18 |       0 |   0.0
        D:2 |      83 |      74 |  47.1 |      23 |      13 |  36.1
            +---------+---------+-------+---------+---------+-------
